 Dungeon Crawl Stone Soup version 0.29-a0-1043-g569b05d6ff (webtiles) character file.

Game seed: 14038880276874775320

660 xian the Conjurer (level 7, -1/51 HPs)
             Began as a Purple Draconian Conjurer on Aug 15, 2022.
             Killed by divine providence
             ... invoked by an orc priest
              (10 damage)
             ... on level 5 of the Dungeon.
             The game lasted 00:11:32 (5358 turns).

xian the Conjurer (Purple Draconian Conjurer)       Turns: 5358, Time: 00:11:32

Health: -1/51      AC:  8    Str: 10    XL:     7   Next: 30%
Magic:  3/15       EV: 10    Int: 20    God:
Gold:   295        SH:  6    Dex:  9    Spells: 14/17 levels left

rFire   . . .      SeeInvis .   s - +2 dagger (venom)
rCold   . . .      Faith    .   w - +0 kite shield
rNeg    . . .      Spirit   .   (body armour unavailable)
rPois   +          Reflect  .   e - +1 hat
rElec   .          Harm     .   (no cloak)
rCorr   .          Rampage  .   i - +0 pair of gloves
Will    +....                   (no boots)
Stlth   ++........              (no amulet)
HPRegen 0.17/turn               y - ring of poison resistance
MPRegen 0.14/turn               (no ring)

@: no status effects
A: breathe power, AC +6, unfitting armour, cold-blooded
a: Breathe Dispelling Energy


You were on level 5 of the Dungeon.
You visited 1 branch of the dungeon, and saw 5 of its levels.

You collected 295 gold pieces.

Inventory:

Hand Weapons
 s - a +2 dagger of venom (weapon)
 x - a +4 whip
Missiles
 c - 13 poisoned darts
 q - 6 javelins
Armour
 e - a +1 hat (worn)
 i - a +0 pair of gloves (worn)
 w - a +0 kite shield (worn)
Magical Staves
 f - a staff of air
Jewellery
 y - a ring of poison resistance (left hand)
Wands
 g - a wand of polymorph (7)
 v - a wand of quicksilver (4)
Scrolls
 h - a scroll of enchant armour
 j - 5 scrolls of identify
 l - 2 scrolls of fog
 m - a scroll of torment {unknown}
 n - a scroll of magic mapping {unknown}
 p - a scroll of brand weapon {unknown}
Potions
 a - a potion of magic
 b - 3 potions of curing {unknown}
 d - 2 potions of mutation {unknown}
 k - 3 potions of heal wounds {unknown}
 o - a potion of attraction {unknown}
 r - a potion of lignification {unknown}
 t - a potion of flight {unknown}
 u - a potion of ambrosia {unknown}


   Skills:
 + Level 0.8 Fighting
 + Level 1.0 Short Blades
 + Level 0.5 Maces & Flails
 + Level 3.1 Dodging
 + Level 3.0 Stealth
 + Level 0.1 Shields
 + Level 5.7 Spellcasting
 + Level 6.1 Conjurations


You had 14 spell levels left.
You knew the following spells:

 Your Spells              Type           Power      Damage    Failure   Level
a - Magic Dart            Conj           100%       1d8       3%          1
b - Searing Ray           Conj           60%        2d6       4%          2

Your spell library contained the following spells:

 Spells                   Type           Power      Damage    Failure   Level
 Dazzling Flash           Conj/Hex       36%        N/A       32%         3
 Sting                    Tmut/Pois      20%        1d4       36%         1
 Poisonous Vapours        Pois/Air       10%        N/A       50%         2
 Fulminant Prism          Conj/Hex       9%         3d7       71%         4
 Iskenderun's Mystic Bla  Conj/Tloc      18%        2d6       71%         4
 Olgreb's Toxic Radiance  Pois           5%         N/A       98%         4


Dungeon Overview and Level Annotations

Branches:
Dungeon (5/15)
 Temple: D:4-7

Altars:
Nemelex Xobeh
Qazlal
Uskayaw
Vehumet
Zin

Shops:
D:5 (

Annotations:
D:3 1 runed translucent door, Crazy Yiuf, Grinder


Innate Abilities, Weirdness & Mutations

You can breathe bolts of dispelling energy.
Your rich purple scales are hard. (AC +6)
You cannot fit into any form of body armour.
You are cold-blooded and may be slowed by cold attacks.


Message History

Unknown command.
Casting: Searing Ray (safe; 4% risk of failure)
Confirm with . or Enter, or press ? or * to list all spells.
Aiming: Searing Ray (safe; 4% risk of failure)
Press: ? - help, Shift-Dir - straight line, f - orc
Aim: an orc, wielding a +0 flail (79% to hit)
The searing ray hits the orc!
You kill the orc!
The searing ray misses the orc priest.
The searing ray hits the orc!
You kill the orc!
The searing ray hits the orc!
You kill the orc! (Press . to maintain the ray.)
The orc priest hits you from afar with a +0 spear.
* * * LOW HITPOINT WARNING * * *
The orc attacks as you move away! The orc barely misses you.
You see here 19 gold pieces.
You feel a bit more experienced.
A black bear comes into view.
The black bear growls angrily.
The black bear bites you.
* * * LOW HITPOINT WARNING * * *
The black bear claws you.
* * * LOW HITPOINT WARNING * * *
The black bear closely misses you.
You hit the black bear but do no damage.
The black bear is poisoned.
The black bear barely misses you.
The black bear claws you but does no damage. x2
As you read the scroll labelled DEKHAN ROTWA, it crumbles to dust.
It is a scroll of identify.
l - 2 scrolls of fog The black bear barely misses you.
The black bear claws you but does no damage.
The black bear closely misses you.
As you read the scroll labelled ITEGOZ QUCVA, it crumbles to dust.
It is a scroll of enchant armour.
Your +0 hat glows green for a moment.
The orc priest mumbles some strange prayers to Beogh against you.
Beogh smites you!
You die...

### #.# #.# # #.#
#### #.# .... .#
######## .#
##......# ##
#..o..#.######..
# #..##.o.@h....#
#
#..####o######.#
# #.......# #
##o####### #
##...# # ##o#.#.#
######.o#.....
.....$#.##.....
....o###.........


You could see a black bear (very poisoned), an orc priest and 2 orcs.

Vanquished Creatures
  An ice beast (D:5)
  A phantom (D:5)
  A necrophage (D:3)
  3 orc priests
  2 hounds
  2 iguanas (D:5)
  2 orc wizards (D:5)
  Robin (D:3)
  4 adders
  4 gnolls (D:4)
  A worm (D:2)
  2 dart slugs
  17 orcs
  7 endoplasms
  2 giant cockroaches
  12 goblins
  7 hobgoblins
  3 jackals (D:1)
  9 kobolds
  3 quokkas
  10 ball pythons
  4 bats
  3 frilled lizards
  3 rats
104 creatures vanquished.

Notes
Turn   | Place    | Note
-------+----------+-------------------------------------------
     0 | D:1      | xian the Draconian Conjurer began the quest for the Orb.
     0 | D:1      | Reached XP level 1. HP: 14/14 MP: 3/3
   568 | D:1      | Found a faded altar of an unknown god.
   723 | D:1      | Reached XP level 2. HP: 20/20 MP: 0/5
   726 | D:1      | Learned a level 2 spell: Searing Ray
  1502 | D:2      | Reached XP level 3. HP: 26/26 MP: 1/6
  2344 | D:3      | Found a faded altar of an unknown god.
  2352 | D:3      | Reached skill level 5 in Conjurations
  2558 | D:3      | Noticed a necrophage
  2563 | D:3      | Reached XP level 4. HP: 25/33 MP: 2/7
  2581 | D:3      | Noticed Robin
  2639 | D:3      | Killed a necrophage
  2730 | D:3      | Reached XP level 5. HP: 38/38 MP: 4/9
  2917 | D:3      | Killed Robin
  3041 | D:3      | Found a runed translucent door.
  3042 | D:3      | Noticed Crazy Yiuf
  3348 | D:3      | Noticed Grinder
  3349 | D:3      | Found a glowing silver altar of Zin.
  4069 | D:4      | Found a hide-covered altar of Uskayaw.
  4215 | D:4      | Found a sparkling altar of Nemelex Xobeh.
  4454 | D:4      | Reached XP level 6. HP: 31/45 MP: 6/11
  4777 | D:5      | Entered Level 5 of the Dungeon
  5174 | D:5      | Found a stormy altar of Qazlal.
  5174 | D:5      | Found a radiant altar of Vehumet.
  5178 | D:5      | Reached skill level 6 in Conjurations
  5307 | D:5      | Noticed an ice beast
  5312 | D:5      | Found Anumac's Weapon Shop.
  5323 | D:5      | Killed an ice beast
  5324 | D:5      | Reached skill level 1 in Short Blades
  5324 | D:5      | Your scales start taking on a rich purple colour.
  5324 | D:5      | Reached skill level 5 in Spellcasting
  5324 | D:5      | Reached XP level 7. HP: 40/51 MP: 0/15
  5358 | D:5      | Killed from afar by an orc priest

Illustrated notes

Levels and vault maps discovered:
D:1:      dpeg_arrival_round_b, layout_basic,
          chequers_ecumenical_altar_simple_redux
D:2:      layout_loops_ring, serial_park_tiny_pond, minmay_distorted
D:3:      layout_loops_ring, nicolae_overflow_ecumenical_swirl, uniq_grinder,
          uniq_robin, uniq_crazy_yiuf_cottage
D:4:      layout_loops_cross, mainiacjoe_overflow_paths, serial_rivers,
          chequers_serial_rivers_large_b, chequers_serial_rivers_micro_e,
          chequers_serial_rivers_small_a, chequers_serial_rivers_micro_e,
          chequers_serial_rivers_large_a, chequers_serial_rivers_small_a,
          kennysheep_small_circle
D:5:      layout_loops_cross, mainiacjoe_overflow_divided_tiny, serial_shops,
          nicolae_shop_bloodbath_and_beyond

Skill      XL: |  1  2  3  4  5  6  7 |
---------------+----------------------+-----
Dodging        | 2 3 |  3.1
Stealth        | 2 3 |  3.0
Conjurations   | 5 6 |  6.1
Spellcasting   | 3 5 |  5.7
Short Blades   | 1 |  1.0
Fighting       | |  0.8
Maces & Flails | |  0.5
Shields        | |  0.1

Action                   |  1- 3 |  4- 6 |  7- 9 || total
-------------------------+-------+-------+-------++-------
Melee: Dagger            |    17 |    25 |    15 ||    57
       Unarmed           |     1 |       |       ||     1
       Tailslap          |     3 |     4 |       ||     7
       Morningstar       |       |     8 |       ||     8
 Cast: Magic Dart        |    45 |    61 |       ||   106
       Searing Ray       |     7 |    17 |     1 ||    25
 Abil: Breathe Dispellin |       |       |     1 ||     1
  Use: Scroll            |       |       |     2 ||     2
Armor: Skin              |    11 |    36 |    10 ||    57
Dodge: Dodged            |    20 |    76 |    11 ||   107
Block: Kite shield       |       |     5 |     3 ||     8

Table legend: (Time is in decaauts)
 A = Elapsed time spent in this place.
 B = Non-inter-level travel time spent in this place.
 C = Inter-level travel time spent in this place.
 D = Time resting spent in this place.
 E = Time spent auto-exploring this place.
 F = Levels seen in this place.
 G = Mean time per level.
                   A        B        C        D        E       F      G
               +--------+--------+--------+--------+--------+-----+--------+
         Total |   5404 |   5266 |    138 |      0 |   4406 |   5 | 1080.8 |
       Dungeon |   5404 |   5266 |    138 |      0 |   4406 |   5 | 1080.8 |
               +--------+--------+--------+--------+--------+-----+--------+

Top non-repeatable levels by time:
     D:4: 1401 daAuts
     D:3: 1308 daAuts
     D:1: 1077 daAuts
     D:2: 1034 daAuts
     D:5: 582 daAuts
